 Dungeon Crawl Stone Soup version 0.16.0-17-g811c1d7 (webtiles) character file.

10519 MDvedh the Severer (level 11, -3/82 HPs)
             Began as a Minotaur Fighter on Mar 21, 2015.
             Was the Champion of the Shining One.
             Slain by a cyclops (21 damage)
             ... on level 11 of the Dungeon.
             The game lasted 00:19:06 (8447 turns).

MDvedh the Severer (Minotaur Fighter)               Turns: 8447, Time: 00:19:06

Health: -3/82      AC: 16    Str: 21    XL:     11   Next: 37%
Magic:  18/18      EV:  9    Int:  5    God:    the Shining One [******]
Gold:   660        SH: 11    Dex: 13    Spells: 0 memorised, 10 levels left

rFire  . . .     SeeInvis .     a - +1 war axe
rCold  . . .     Clarity  .     S - +0 plate armour
rNeg   + + +     SustAb   .     c - +0 shield
rPois  +         Gourm    .     (helmet restricted)
rElec  .         Spirit   .     s - +0 cloak
rCorr  .         Warding  .     G - +0 pair of gloves
rMut   .         Stasis   .     M - +0 pair of boots
MR     .....                    (no amulet)
Stlth  ..........               p - ring of poison resistance
                                b - +4 ring of evasion

@: glowing, not resistant to hostile enchantments, extremely unstealthy
A: retaliatory headbutt, horns 2
a: Divine Shield, Cleansing Flame, Summon Divine Warrior, Renounce Religion


You were on level 11 of the Dungeon.
You worshipped the Shining One.
The Shining One was exalted by your worship.
You were not hungry.

You visited 1 branch of the dungeon, and saw 11 of its levels.
You also visited: Ossuary.

You collected 842 gold pieces.
You spent 182 gold pieces at shops.

Inventory:

Hand weapons
 a - a +1 war axe (weapon)
 x - a +3 scimitar of flaming
 z - a +0 long sword of holy wrath
Armour
 c - a +0 shield (worn)
 q - a +0 fire dragon armour
 s - a +0 cloak (worn)
 G - a +0 pair of gloves (worn)
 M - a +0 pair of boots (worn)
 S - a +0 plate armour (worn)
Jewellery
 b - a +4 ring of evasion (left hand)
 h - a cursed ring of teleportation {unknown}
 p - a ring of poison resistance (right hand)
 w - an uncursed ring of protection from magic
 y - an uncursed ring of sustain abilities
Magical devices
 j - a wand of polymorph (13)
 r - a wand of fire (9)
Scrolls
 i - 2 scrolls of noise
 m - 10 scrolls of teleportation
 o - 4 scrolls of blinking
 C - a scroll of fear
 E - a scroll of fog
 O - 2 scrolls of remove curse
Potions
 e - 3 potions of might
 f - a potion of agility
 g - 8 potions of curing
 k - 2 potions of restore abilities
 n - a potion of cancellation
 u - 2 potions of cure mutation
 v - 2 potions of magic
 B - a potion of berserk rage
 F - a potion of brilliance
 I - 2 potions of heal wounds
 R - a potion of ambrosia {unknown}
Comestibles
 d - 7 bread rations
 l - 8 slices of pizza
 A - 3 meat rations
 L - a beef jerky
 N - 5 fruits


   Skills:
 - Level 3.6 Fighting
 - Level 16.0 Axes
 + Level 6.4 Armour
 * Level 8.8 Shields
 + Level 7.8 Invocations


You had 10 spell levels left.
You didn't know any spells.

Dungeon Overview and Level Annotations

Branches:
Dungeon (11/15)            Temple (0/1) D:5            Lair (0/8) D:10
    Orc (0/4) D:10

Altars:
Ashenzari
Cheibriados
Gozag
Makhleb
Nemelex Xobeh
Okawaru
Zin
The Shining One

Shops:
D:10 *

Annotations:
D:10 exclusion: downstairs


Innate Abilities, Weirdness & Mutations

You reflexively headbutt those who attack you in melee.
You have a pair of horns on your head.


Message History

You slice the hill giant!!!
You kill the hill giant!
The cyclops throws a large rock.
The large rock hits you!!
Things that are here:
a large rock; a giant spiked club; a hill giant corpse The cyclops throws a large rock.
The large rock barely misses you. The cyclops hits you!!
* * * LOW HITPOINT WARNING * * *
Found 15 gold pieces.
Found a stone staircase leading down.
You are too injured to fight recklessly!
You are too injured to fight recklessly!
You are too injured to fight recklessly!
You are too injured to fight recklessly!
You are too injured to fight recklessly!
You slash the cyclops!!
The cyclops is heavily wounded.
You hit the cyclops!
The cyclops is severely wounded.
The cyclops hits you!!
You die...

#########
$.######.......##
.......C@.(.?..<#
>...........$#).# ##
....###...#.#))#######.#
... #...#.#).(.)).)... .
........#.#####)...
............# #.....
.........#..# ##....
###.?.#..#..# .....
#}.....#... ......


You could see a cyclops.

Vanquished Creatures
  Josephine (D:10)
  The ghost of puimuR the Fighter, an experienced DsAM of Qazlal (D:11)
  The ghost of FiftyNine the Covert, an experienced OpIE of Kikubaaqudgha (D:10)
  A hill giant (D:11)
  The ghost of RobertPalmer the Covert, an experienced OpSu of Cheibriados (D:6)
  An efreet (D:9)
  A two-headed ogre (D:8)
  A troll (D:10)
  3 wraiths (D:10)
  6 yaks (D:9)
  Eustachio (D:4)
  2 wyverns (D:9)
  A human (D:7)
  A phantom (D:8)
  A necrophage (D:9)
  An ice beast (D:6)
  3 orc warriors
  4 ogres
  2 sky beasts
  6 centaurs
  Sigmund (D:7)
  A big kobold (D:11)
  5 giant frogs
  4 scorpions
  16 wights
  4 killer bees (D:7)
  3 electric eels (D:10)
  7 crimson imps
  5 goliath beetles
  2 jellies
  2 human zombies (Ossuary)
  5 orc priests
  An iguana (D:4)
  A centaur zombie (D:10)
  3 giant frog zombies
  8 hounds
  5 worker ants
  A giant frog skeleton (D:8)
  9 orc wizards
  2 killer bee zombies
  2 big kobold zombies (Ossuary)
  4 sheep (D:7)
  3 hound skeletons
  2 mummies (Ossuary)
  Robin (D:3)
  6 adders
  10 gnolls
  4 shadow imps
  2 giant mites
  3 worms
  An adder zombie (D:7)
  An ooze (D:3)
  53 orcs
  15 bats
  2 bat zombies
  4 giant cockroaches
  23 goblins
  7 hobgoblins
  7 jackals
  4 quokkas
  A ball python skeleton (D:4)
  6 giant geckos
  A giant gecko zombie (D:5)
  2 giant newts (D:1)
  A gnoll zombie (Ossuary)
  6 goblin zombies
  A hobgoblin zombie (Ossuary)
  2 jackal skeletons (D:4)
  14 kobolds
  4 orc zombies (Ossuary)
  A quokka zombie (D:5)
  18 rats
  3 ballistomycetes (D:9)
338 creatures vanquished.

Vanquished Creatures (others)
  A giant spore (D:9)
1 creature vanquished.

Grand Total: 339 creatures vanquished

Notes
Turn   | Place    | Note
--------------------------------------------------------------
     0 | D:1      | MDvedh, the Minotaur Fighter, began the quest for the Orb.
     0 | D:1      | Reached XP level 1. HP: 19/19 MP: 1/1
   273 | D:1      | Reached XP level 2. HP: 26/26 MP: 1/1
   276 | D:1      | Found a glowing golden altar of the Shining One.
   447 | D:1      | Became a worshipper of the Shining One
   941 | D:2      | Found an opulent altar of Gozag.
  1120 | D:2      | Reached skill level 4 in Axes
  1373 | D:3      | Reached XP level 3. HP: 31/31 MP: 2/2
  1554 | D:3      | Reached skill level 5 in Axes
  1556 | D:3      | Reached XP level 4. HP: 39/39 MP: 2/2
  1710 | D:3      | Noticed Robin
  1726 | D:3      | Killed Robin
  1940 | D:3      | Reached skill level 6 in Axes
  2063 | D:3      | Reached XP level 5. HP: 45/45 MP: 2/2
  2262 | D:4      | Noticed Eustachio
  2262 | D:4      | Acquired the Shining One's first power
  2284 | D:4      | Killed Eustachio
  2284 | D:4      | Reached skill level 7 in Axes
  2284 | D:4      | Reached XP level 6. HP: 51/51 MP: 3/3
  2297 | D:4      | Reached skill level 8 in Axes
  2339 | D:4      | Found a glowing silver altar of Zin.
  2405 | D:4      | Found a sand-covered staircase.
  2416 | Ossuary  | Entered an ossuary
  2428 | Ossuary  | Reached skill level 9 in Axes
  2429 | Ossuary  | Acquired the Shining One's second power
  2429 | Ossuary  | Reached XP level 7. HP: 57/57 MP: 3/3
  2780 | D:4      | Noticed a centaur
  2787 | D:4      | Killed a centaur
  2787 | D:4      | Reached skill level 10 in Axes
  3455 | D:5      | Entered Level 5 of the Dungeon
  3495 | D:5      | Found a staircase to the Ecumenical Temple.
  3574 | D:5      | Found a shattered altar of Ashenzari.
  3574 | D:5      | Found a snail-covered altar of Cheibriados.
  3654 | D:5      | Found an iron altar of Okawaru.
  3675 | D:5      | Reached skill level 11 in Axes
  3731 | D:5      | Reached XP level 8. HP: 64/64 MP: 3/3
  4306 | D:6      | Reached skill level 12 in Axes
  4542 | D:6      | Noticed RobertPalmer's ghost (experienced OpSu)
  4557 | D:6      | Killed RobertPalmer's ghost
  4557 | D:6      | Reached skill level 13 in Axes
  4557 | D:6      | Reached XP level 9. HP: 51/70 MP: 4/4
  4762 | D:6      | Acquired the Shining One's third power
  4768 | D:6      | Reached skill level 14 in Axes
  4905 | D:7      | Noticed Sigmund
  4911 | D:7      | Killed Sigmund
  4977 | D:7      | Reached skill level 1 in Invocations
  5278 | D:7      | Reached skill level 15 in Axes
  5639 | D:8      | Acquired the Shining One's fourth power
  5941 | D:8      | Reached XP level 10. HP: 61/77 MP: 12/12
  5962 | D:8      | Found a sparkling altar of Nemelex Xobeh.
  6015 | D:8      | Reached skill level 5 in Invocations
  6424 | D:9      | Reached skill level 16 in Axes
  6693 | D:9      | Found a burning altar of Makhleb.
  6813 | D:9      | Reached skill level 5 in Shields
  7486 | D:10     | Entered Level 10 of the Dungeon
  7519 | D:10     | Noticed Josephine
  7525 | D:10     | Killed Josephine
  7525 | D:10     | Reached skill level 5 in Armour
  7525 | D:10     | Reached XP level 11. HP: 82/82 MP: 16/18
  7533 | D:10     | Found a staircase to the Lair.
  7695 | D:10     | Noticed FiftyNine's ghost (experienced OpIE)
  7706 | D:10     | Killed FiftyNine's ghost
  8057 | D:10     | Found Thruxtiw's Assorted Antiques.
  8172 | D:10     | Bought an agate ring for 130 gold pieces
  8172 | D:10     | Bought a scroll of identify for 52 gold pieces
  8327 | D:10     | Found a staircase to the Orcish Mines.
  8391 | D:11     | Noticed puimuR's ghost (experienced DsAM)
  8397 | D:11     | Killed puimuR's ghost
  8433 | D:11     | Noticed a hill giant
  8442 | D:11     | Killed a hill giant
  8447 | D:11     | Slain by a cyclops

Action                   |  1- 3 |  4- 6 |  7- 9 | 10-12 || total
-------------------------+-------+-------+-------+-------++-------
Melee: War axe           |    56 |    89 |   321 |   193 ||   659
  Use: Scroll            |       |     5 |     9 |    10 ||    24
  Eat: Chunk             |     2 |     3 |     3 |     5 ||    13
       Beef jerky        |       |       |     2 |     1 ||     3
       Royal jelly       |       |       |     1 |       ||     1
       Fruit             |       |       |     2 |       ||     2
       Pizza             |       |       |     1 |     1 ||     2
